Map: Kairos Junction LE

Players

Neeb - Winner!

  • Race: Protoss Protoss
  • League: Master
  • Spawn Location: 5:00

herO

  • Race: Protoss Protoss
  • Spawn Location: 11:00

Event: IEM Season 13 - Katowice Server Qualifiers America

VOD

Have the link to the VOD?

Description

Time

  • Played on: Jan. 6, 2019, 4:25 p.m.
  • Length: 7:39

All games in this series

Show
View Real Time Build Order
Export as new Build Order

Neeb Protoss - Winner!

Build Orders: Oracle Opening, Phoenix Opening, Mass Phoenix 

Get SALT Encoding   

  12  0:00  Probe  
  13  0:12  Probe  
  14  0:17  Pylon  
  14  0:23  Probe  
  15  0:31  Probe  
  15  0:38  Gateway  
  15  0:39  Probe  
  16  0:46  Assimilator  
  17  0:50  Probe  
  17  0:55  Assimilator  
  18  0:58  Probe  
  19  1:06  Probe  
  19  1:08  Gateway  
  20  1:17  Probe  
  21  1:25  Cybernetics Core  
  21  1:29  Probe  
  22  1:36  Pylon  
  22  1:41  Probe  
  23  1:54  Probe  
  24  2:03  Stargate  
  24  2:04  Adept x2  
  28  2:10  Warp Gate  
  28  2:15  Pylon  
  28  2:24  Pylon  
  28  2:34  Stalker  
  32  2:41  Oracle  
  32  2:53  Probe, Shield Battery  
  32  2:56  Shield Battery  
  32  2:57  Stalker  
  33  3:13  Phoenix  
  31  3:25  Probe  
  34  3:28  Shield Battery  
  34  3:36  Phoenix  
  36  3:50  Nexus  
  36  3:52  Probe  
  37  4:00  Phoenix  
  39  4:05  Pylon  
  39  4:10  Pylon  
  39  4:17  Phoenix  
  39  4:24  Probe  
  42  4:32  Stalker  
  44  4:38  Zealot  
  44  4:44  Phoenix  
  48  4:47  Probe  
  49  4:57  Pylon  
  49  5:04  Probe  
  49  5:06  Phoenix  
  50  5:14  Probe  
  51  5:16  Probe  
  52  5:23  Phoenix  
  52  5:26  Probe, Assimilator  
  50  5:28  Probe  
  53  5:37  Assimilator  
  53  5:38  Probe  
  53  5:39  Phoenix  
  53  5:40  Probe  
  57  5:50  Probe  
  57  5:52  Probe  
  57  5:55  Stalker  
  57  5:56  Stalker  
  63  6:01  Phoenix  
  64  6:05  Probe  
  64  6:08  Probe  
  67  6:18  Stalker  
  67  6:19  Stalker  
  67  6:21  Probe  
  67  6:22  Phoenix  
  74  6:42  Shield Battery x2  
  66  6:48  Stalker x2  
  66  6:50  Shield Battery  
  70  6:56  Phoenix  
  70  7:12  Zealot x2  
  72  7:21  Probe  
  67  7:36  Robotics Facility  
Show
View Real Time Build Order
Export as new Build Order

herO Protoss 

Build Orders: Phoenix Opening 

Get SALT Encoding   

  12  0:00  Probe  
  13  0:13  Probe  
  14  0:20  Pylon  
  14  0:25  Probe  
  15  0:34  Probe  
  15  0:38  Gateway  
  15  0:42  Probe  
  16  0:43  Assimilator  
  17  0:51  Probe  
  17  0:55  Assimilator  
  18  0:59  Probe  
  19  1:07  Gateway, Probe  
  20  1:19  Probe  
  20  1:25  Cybernetics Core  
  21  1:31  Probe  
  22  1:33  Pylon  
  22  1:43  Probe  
  23  1:55  Probe  
  24  2:01  Adept  
  24  2:02  Adept  
  24  2:05  Stargate  
  28  2:09  Warp Gate  
  28  2:15  Pylon  
  29  2:29  Adept  
  30  2:33  Adept  
  32  2:40  Phoenix  
  34  3:01  Phoenix, Shield Battery  
  33  3:13  Probe  
  33  3:18  Phoenix  
  35  3:32  Nexus  
  35  3:35  Pylon  
  35  3:44  Phoenix  
  35  3:47  Probe  
  34  3:59  Probe  
  35  4:09  Phoenix  
  37  4:11  Probe  
  37  4:16  Robotics Facility  
  38  4:25  Probe  
  39  4:34  Phoenix, Shield Battery  
  39  4:37  Probe  
  42  4:50  Stalker  
  42  4:51  Stalker  
  44  5:09  Probe x2  
  37  5:31  Sentry, Gateway  
  37  5:32  Gateway  
  37  5:36  Warp Prism  
  37  5:39  Zealot  
  41  5:59  Sentry  
  41  6:02  Zealot  
  45  6:15  Stalker  
  45  6:17  Zealot  
  49  6:40  Stalker x3  
  49  6:42  Zealot  
  53  6:59  Stalker x2  
  53  7:11  Stalker  

Tags
 
Add a new tag
Caveats
  • Supply blocks, unpowered buildings, or Contaminate may cause inaccurate times.
  • Supply counts are checked every 10 seconds.